 Dungeon Crawl Stone Soup version 0.30.1-11-g7821555f0a (webtiles) character file.

Game seed: 17672100694088953

57 bigmatt the Chopper (level 4, 0/41 HPs)
             Began as a Hill Orc Monk on Dec 13, 2023.
             Slain by Natasha (4 damage)
             ... on level 2 of the Dungeon.
             The game lasted 00:19:13 (2610 turns).

bigmatt the Chopper (Hill Orc Monk)                 Turns: 2610, Time: 00:19:14

Health: 0/41       AC:  8    Str: 15    XL:     4   Next: 0%
Magic:  4/4        EV:  7    Int: 10    God:
Gold:   125        SH:  0    Dex: 13    Spells: 3/3 levels left

rFire   . . .        a - +0 hand axe
rCold   . . .        d - orb {light}
rNeg    . . .        p - +0 chain mail
rPois   .            (no helmet)
rElec   .            (no cloak)
rCorr   .            (no gloves)
SInv    .            (no boots)
Will    .....        (no amulet) Stlth
                     (no ring)
HPRegen 0.26/turn    (no ring)
MPRegen 0.09/turn

%: no passive effects
@: confused, ambrosia-drunk, glowing
A: no striking features
a: no special abilities


You were on level 2 of the Dungeon.
You visited 1 branch of the dungeon, and saw 2 of its levels.

You collected 125 gold pieces.

Inventory:

Hand Weapons
 a - a +0 hand axe (weapon)
 k - a +0 sling
Missiles
 g - 6 poisoned darts (quivered)
Armour
 d - an orb of light (worn)
 p - a +0 chain mail (worn)
Jewellery
 i - an amulet of magic regeneration
Scrolls
 f - a scroll of amnesia {unknown}
 h - a scroll of identify {unknown}
 j - a scroll of vulnerability {unknown}
 o - a scroll of fog {unknown}
 q - 2 scrolls of teleportation {unknown}
Potions
 b - a potion of berserk rage {unknown}
 e - a potion of might {unknown}
 m - a potion of brilliance {unknown}
 n - 2 potions of heal wounds {unknown}


   Skills:
 + Level 4.3(2.1) Fighting
 * Level 5.1(2.5) Axes
 + Level 2.8(1.4) Dodging


You had 3 spell levels left.
You didn't know any spells.
Your spell library was empty.

Dungeon Overview and Level Annotations

Branches:
Dungeon (2/15)

Altars:
Ashenzari

Annotations:
D:2 Natasha


Message History

Natasha attacks as you move away! Natasha claws you but does no damage.
Natasha casts a spell.
You hit Natasha.
Natasha is severely wounded.
The cerulean imp hits you but does no damage.
Natasha casts a spell at you.
The magic dart hits you but does no damage.
You closely miss Natasha.
Natasha is severely wounded.
The cerulean imp hits you but does no damage.
Natasha stares at you and mumbles some strange words.
The magic dart hits you.
You hit Natasha.
Natasha is severely wounded.
The cerulean imp hits you but does no damage.
Natasha claws you.
You hit Natasha but do no damage.
Natasha is severely wounded.
The cerulean imp barely misses you. Natasha claws you but does no damage.
You hit Natasha.
Natasha is almost dead.
The cerulean imp hits you from afar with a +0 spear.
Natasha claws you!
* * * LOW HITPOINT WARNING * * *
Natasha claws you.
* * * LOW HITPOINT WARNING * * *
The cerulean imp hits you from afar with a +0 spear.
* * * LOW HITPOINT WARNING * * *
You are not religious.
The cerulean imp disappears in a puff of smoke!
Natasha claws you.
* * * LOW HITPOINT WARNING * * *
You have 125 gold pieces.
The cerulean imp closely misses you.
You are confused.
You feel invigorated.
Natasha wildly gestures.
You feel disoriented. Natasha claws you.
You die...

........#..##.....####. ..
#................... .. .
#................... ..
###.###>...........####. . .....
####.#####..## #. # .....#####.##
#..# # .# .........5..####..#
###.# ............'.....# ....#
.......@h...####..###### ....#
............####........ ....#.
####........##.......... ....#.#
#........##........##
###.#.#######.......(##..........
....#................#####.......
#.###................# #....... #
#................# #####...
#................# ####


You could see Natasha and a cerulean imp (summoned).

Vanquished Creatures
  7 bats
  4 endoplasms
  4 giant cockroaches
  3 goblins
  6 hobgoblins
  8 jackals
  4 kobolds
  3 quokkas (D:1)
  A ball python (D:2)
  3 frilled lizards
  6 rats
49 creatures vanquished.

Notes
Turn   | Place    | Note
-------+----------+-------------------------------------------
     0 | D:1      | bigmatt the Hill Orc Monk began the quest for the Orb.
     0 | D:1      | Reached XP level 1. HP: 19/19 MP: 1/1
    59 | D:1      | Reached XP level 2. HP: 7/27 MP: 2/2
   536 | D:1      | Reached XP level 3. HP: 22/33 MP: 3/3
  1001 | D:1      | Found a faded altar of an unknown god.
  1006 | D:1      | Prayed at the altar of an unknown god.
  1006 | D:1      | Became a worshipper of Ashenzari the Shackled
  1464 | D:1      | Fell from the grace of Ashenzari
  2129 | D:2      | Reached skill level 5 in Axes
  2547 | D:2      | Reached XP level 4. HP: 41/41 MP: 4/4
  2585 | D:2      | Noticed Natasha
  2606 | D:2      | HP: 2/41 [cerulean imp/+0 spear[Natasha] (3)]
  2610 | D:2      | Slain by Natasha

Illustrated notes

Levels and vault maps discovered:
D:1:      shiori_arrival_maze, layout_basic,
          hellmonk_ecumenical_altar_inner_sanctum, serial_corexii_hall,
          corexii_hall_statues_t, chequers_hall_statues_y,
          minmay_misc_feat_doors
D:2:      layout_basic, uniq_natasha

Skill      XL: |  1  2  3 |
---------------+----------+-----
Fighting       | 4 |  4.3
Axes           | 5 |  5.1
Dodging        | |  2.8

Action                     |  1- 3 |  4- 6 || total
---------------------------+-------+-------++-------
  Melee: Hand axe          |   119 |    12 ||   131
 Invoke: Curse Item        |     1 |       ||     1
         Shatter the Chain |     1 |       ||     1
         Renounce Religion |     1 |       ||     1
    Use: Potion            |       |     1 ||     1
 Armour: Robe              |    28 |       ||    28
         Ring mail         |    22 |       ||    22
         Chain mail        |     8 |    13 ||    21
  Dodge: Dodged            |   106 |    12 ||   118
